 Dungeon Crawl Stone Soup version 0.15-a0-834-gd31242b (console) character file.

152 Heavyweight the Cudgeler (level 5, -3/54 HPs)
             Began as an Ogre Chaos Knight on May 15, 2014.
             Was a Plaything of Xom.
             Killed from afar by an orc wizard (6 damage)
             ... with a magic dart
             ... on Level 4 of the Dungeon.
             The game lasted 00:05:45 (1334 turns).

Heavyweight the Cudgeler (Ogre Chaos Knight)        Turns: 1334, Time: 00:05:45

HP  -3/54        AC  6     Str 17      XL: 5   Next: 34%
MP   5/5         EV 10     Int 11      God: Xom
Gold 120         SH  0     Dex 10      Spells:  0 memorised,  4 levels left

rFire  + . .     SeeInvis .     i - +2,+0 mace
rCold  + . .     Clarity  .     b - +2 robe
rNeg   . . .     Conserve .     (shield restricted)
rPois  +         rCorr    .     (helmet restricted)
rElec  +         rRot     .     r - +0 cloak
SustAb + .       Spirit   .     (gloves unavailable)
rMut   .         Warding  .     (boots unavailable)
Gourm  .         Stasis   .     (no amulet)
MR     .....                    (no ring)
                                q - ring of sustain abilities

@: not resistant to hostile enchantments, very unstealthy
A: unfitting armour, tough skin 1
a: Renounce Religion


You were on level 4 of the Dungeon.
You worshipped Xom.
You were a favourite toy of Xom.
You were not hungry.

You visited 1 branch of the dungeon, and saw 4 of its levels.

You collected 120 gold pieces.

Inventory:

Hand weapons
 a - a +0,+0 mace of chaos
 i - a +2,+0 mace (weapon)
Armour
 b - a +2 robe (worn)
 r - a +0 cloak (worn)
Comestibles
 c - 2 meat rations
 s - a chunk of worker ant flesh
Scrolls
 d - 2 scrolls of recharging {unknown}
 e - 4 scrolls of identify {unknown}
 f - a scroll of fear {unknown}
 h - 3 scrolls of teleportation {unknown}
 j - a scroll of enchant armour {unknown}
 k - 2 scrolls of enchant weapon I {unknown}
 m - 3 scrolls of remove curse {unknown}
 p - 2 scrolls of blinking {unknown}
Jewellery
 q - a ring of sustain abilities (left hand)
Potions
 l - a potion of invisibility {unknown}
 n - a potion of agility {unknown}
 u - 2 potions of brilliance {unknown}


   Skills:
 - Level 4.0 Fighting
 + Level 7.7 Maces & Flails
 - Level 2.1 Dodging


You had 4 spell levels left.
You didn't know any spells.

Dungeon Overview and Level Annotations

Branches:
Dungeon (4/15)
 Temple: D:4-7

Altars:
Dithmenos
Trog

Annotations:
D:4 Blork the orc


Innate Abilities, Weirdness & Mutations

You are too large for most types of armour.
You have tough skin (AC +1).


Message History

You hear some strange, mumbled words.
Something tries to affect you, but you resist.
The orc priest mumbles some strange prayers to Beogh against you.
Something smites you!
You barely miss the orc wizard. Something completely misses you.
The orc wizard gestures at you while chanting.
You resist.
You hit the orc priest.
The orc priest is moderately wounded.
Something hits you. The orc wizard barely misses you.
The orc priest invokes the aid of Beogh against you.
Something smites you!
* * * LOW HITPOINT WARNING * * *
Drink which item? (? for menu, Esc to quit)
You feel protected.
It was a potion of resistance.
You hear some strange, mumbled words.
The magic dart hits you!
You die...
Xom titters!

....... ########.#.#.
#........... # ####
#.......#..#.##.... ...#
#.......#.o........ ...#
###.......#.#..#.#.#.
(..#####.'.......#.#.....
...#.....#.......#.#..o.#.#
...#.#####.>....@#.#oo.?..
.....# #.....oo'.#....>.
...### #.......###o....
...# #.......# .... ####
##+###### # ## .#


You could see an orc priest and an orc wizard.

Vanquished Creatures
  A crimson imp (D:3)
  A worker ant (D:3)
  Ijyb (D:2)
  2 adders (D:2)
  3 worms
  A shadow imp (D:3)
  An orc (D:3)
  4 bats
  3 hobgoblins
  4 kobolds
  A ball python (D:3)
  5 giant cockroaches
  2 giant geckos
  2 giant newts
  6 goblins
  7 jackals
  An orc skeleton (D:4)
  8 rats
53 creatures vanquished.

Notes
Turn   | Place    | Note
--------------------------------------------------------------
     0 | D:1      | Heavyweight, the Ogre Chaos Knight, began the quest for the Orb.
     0 | D:1      | Reached XP level 1. HP: 24/24 MP: 1/1
    97 | D:1      | Reached XP level 2. HP: 32/32 MP: 2/2
   133 | D:1      | XOM: harmless Necr miscast
   185 | D:1      | XOM: harmless Summ miscast
   308 | D:1      | XOM: silly message
   317 | D:1      | Reached skill level 5 in Maces & Flails
   398 | D:1      | XOM: divination: detect creatures
   486 | D:2      | Reached XP level 3. HP: 39/39 MP: 3/3
   525 | D:2      | XOM: noise
   624 | D:2      | Reached skill level 6 in Maces & Flails
   658 | D:2      | Noticed Ijyb
   681 | D:2      | Killed Ijyb
   681 | D:2      | Reached XP level 4. HP: 24/48 MP: 4/4
   905 | D:3      | Found a bloodstained altar of Trog.
  1022 | D:4      | Noticed Blork the orc
  1031 | D:3      | Reached skill level 7 in Maces & Flails
  1076 | D:3      | Reached XP level 5. HP: 27/54 MP: 5/5
  1098 | D:3      | XOM: swap monsters
  1164 | D:3      | Found a shadowy altar of Dithmenos.
  1225 | D:3      | XOM: mild Summ miscast
  1252 | D:3      | XOM: harmless Erth miscast
  1323 | D:4      | XOM: confuse monster(s)
  1334 | D:4      | Killed from afar by an orc wizard

Action                   |  1- 3 |  4- 6 || total
-------------------------+-------+-------++-------
Melee: Mace              |    81 |   146 ||   227
  Use: Potion            |       |     2 ||     2
 Stab: Paralysed         |     1 |       ||     1
       Confused          |       |     1 ||     1
